AoeStats
← francismorin10

Arena

506398238Analyzed
2v2 RM · 20d ago on Sep 13, 2026· 22m 14s· 4 players
Game mode
Random Map
Map size
Medium (4 player)
Population
200
Speed
Normal
Resources
Standard
Victory
Conquest
Starting age
Dark Age
Ending age
Imperial Age
RankedLock teamsTeams togetherTeam positionsShared explorationLock speedFull tech treeHidden civsTurbo modeCheats
Victory
Defeat
🇨🇳 Franks · China
1064
+15
🇨🇳 Japanese · China
1008
+41
🇨🇦 Celts · Canada
1124
-19
🇨🇦 Cumans · Canada
951
-13
2609108162
8:55 Feudal Age
13:50 Castle Age
12:02 Double-Bit Axe
18:39 Pikeman
20:33 Scale Mail Armor
21:33 Squires
22:21 Horse Collar
1109919864
9:33 Feudal Age
10:34 Loom
10:52 Loom
15:07 Castle Age
14:34 Double-Bit Axe
anthony.tourigny66
11:06 Feudal Age
15:17 Castle Age
13:55 Double-Bit Axe
13:52 Horse Collar
16:25 Bow Saw
17:46 Wheelbarrow
17:35 Heavy Plow
francismorin10
11:11 Feudal Age
13:27 Double-Bit Axe
17:18 Castle Age
18:19 Bow Saw
17:55 Horse Collar
19:00 Gold Mining
Connection lost

Rejoining the realm…

Still unreachable

The connection could not be restored.

Session expired

The server has moved on; the page needs a fresh start.